 Dungeon Crawl Stone Soup version 0.19-a0-1827-g174f941 (webtiles) character file.

73 GameOver the Caller (level 4, 0/36 HPs)
             Began as a Naga Summoner on Oct 7, 2016.
             Slain by a gnoll (6 damage)
             ... on level 3 of the Dungeon.
             The game lasted 00:07:10 (997 turns).

GameOver the Caller (Naga Summoner)                  Turns: 997, Time: 00:07:14

Health: 0/36       AC:  2    Str: 10    XL:     4   Next: 27%
Magic:  4/7        EV: 10    Int: 16    God:
Gold:   83         SH:  0    Dex: 12    Spells: 2 memorised, 3 levels left

rFire  + . .     SeeInvis +     q - +0 hunting sling
rCold  . . .     Gourm    .     a - +0 robe
rNeg   . . .     Faith    .     (no shield)
rPois  +         Spirit   .     (no helmet)
rElec  .         Dismiss  .     (no cloak)
rCorr  .         Reflect  .     (no gloves)
MR     .....     Harm     .     (no barding)
Stlth  ++........               (no amulet)
                                (no ring)
                                o - ring of protection from fire

@: short of breath, very slow
A: see invisible, deformed body, poison resistance, slowness 2, slow metabolism
1, spit poison 1, AC +1
a: Spit Poison


You were on level 3 of the Dungeon.
You were hungry.

You visited 1 branch of the dungeon, and saw 3 of its levels.

You collected 83 gold pieces.

Inventory:

Hand Weapons
 q - a +0 hunting sling (weapon)
 w - a +2 short sword of protection
Missiles
 d - 118 stones (quivered)
 e - 33 bolts
Armour
 a - a +0 robe (worn)
Jewellery
 o - a ring of protection from fire (left hand)
Scrolls
 n - a scroll of blinking
 r - a scroll of identify
 s - a scroll of random uselessness {unknown}
Potions
 g - 2 potions of curing {unknown}
 i - a potion of haste {unknown}
 j - 2 potions of mutation {unknown}
 p - a potion of heal wounds {unknown}
Books
 b - a book of Callings

   Spells                             Type                      Level
   a - Summon Small Mammal            Summoning                    1
   b - Call Imp                       Summoning                    2
   c - Call Canine Familiar           Summoning                    3
   d - Summon Guardian Golem          Hexes/Summoning              3
   e - Summon Lightning Spire         Summoning/Air                4
   f - Summon Ice Beast               Ice/Summoning                4
Comestibles
 c - 2 bread rations
 f - a meat ration
 k - 9 chunks of flesh


   Skills:
 - Level 1.5 Dodging
 - Level 3.0 Stealth
 - Level 2.0 Spellcasting
 + Level 5.6 Summonings


You had 3 spell levels left.
You knew the following spells:

 Your Spells              Type           Power        Failure   Level  Hunger
a - Summon Small Mammal   Summ           ###.         1%          1    #......
w - Call Canine Familiar  Summ           ###.....     8%          3    ###....


Dungeon Overview and Level Annotations

Branches:
Dungeon (3/15)

Altars:

Annotations:
D:2 Sigmund


Innate Abilities, Weirdness & Mutations

You cannot wear boots.
Your serpentine skin is tough. (AC +1)
You have supernaturally acute eyesight. (SInv)
Armour fits poorly on your strangely shaped body.
Your system is resistant to poisons. (rPois)
You cover ground very slowly.
You have a slow metabolism.
You can spit poison.


Message History

Casting: Call Canine Familiar
Confirm with . or Enter, or press ? or * to list all spells.
You are feeling hungry.
The gnoll hits you!
Firing (i - inventory):
d - 120 stones (quivered)
Press: ? - help, Shift-Dir - straight line, f/p - gnoll
Aim: a gnoll You shoot a stone.
The stone hits the gnoll.
The gnoll is moderately wounded.
Your hound bites the gnoll.
The gnoll barely misses you.
Firing (i - inventory):
d - 119 stones (quivered)
Press: ? - help, Shift-Dir - straight line, f/p - gnoll
Aim: a gnoll (severely wounded)
You shoot a stone.
The stone hits the gnoll but does no damage.
The gnoll is severely wounded.
Your hound barely misses the gnoll.
The gnoll hits you!
* * * LOW HITPOINT WARNING * * *
Your hound closely misses the gnoll.
The gnoll hits you.
You die...

#.# #.# #.#
#.# #.#
..g###### #.#
....(.h.#
##.# #g# #..#
##@###.##
##.#.##.#
#.###.###.#.#
#....## ##..#
#####h###...#
##.#h#..#
##.##..#
#.##..#
#.##..#


You could see a gnoll and a friendly hound.

Vanquished Creatures
  A dart slug (D:1)
  A leopard gecko (D:1)
  A giant cockroach (D:2)
  4 goblins
  A hobgoblin (D:1)
  5 kobolds
  A bat (D:3)
  A frilled lizard (D:1)
  6 rats
21 creatures vanquished.

Vanquished Creatures (collateral kills)
  An orc wizard (D:3)
  2 adders
  An ooze (D:1)
  2 orcs (D:3)
  A giant cockroach (D:3)
  A goblin (D:2)
  3 jackals (D:2)
  A frilled lizard (D:3)
  3 rats
15 creatures vanquished.

Grand Total: 36 creatures vanquished

Notes
Turn   | Place    | Note
-------+----------+-------------------------------------------
     0 | D:1      | GameOver the Naga Summoner began the quest for the Orb.
     0 | D:1      | Reached XP level 1. HP: 15/15 MP: 3/3
   199 | D:1      | Reached XP level 2. HP: 22/22 MP: 1/5
   725 | D:2      | Reached skill level 5 in Summonings
   725 | D:2      | Reached XP level 3. HP: 27/28 MP: 1/6
   732 | D:2      | Learned a level 3 spell: Call Canine Familiar
   823 | D:2      | Noticed Sigmund
   899 | D:3      | Reached XP level 4. HP: 6/36 MP: 2/7
   904 | D:3      | Found a faded altar of an unknown god.
   997 | D:3      | Slain by a gnoll

Vault maps used:
D:1:      lightli_arrival_farm, grunt_decor_cap
D:2:      uniq_sigmund
D:3:      nemelex_xobeh_ov_fountains_minmay, marbit_many_paths,
          ecumenical_altar_1

Skill      XL: |  1  2 |
---------------+-------+-----
Summonings     | 5 |  5.6
Dodging        | |  1.5
Stealth        | |  3.0
Spellcasting   | |  2.0

Action                   |  1- 3 |  4- 6 || total
-------------------------+-------+-------++-------
Melee: Short sword       |    10 |     1 ||    11
       Mace              |     2 |       ||     2
       Unarmed           |     1 |       ||     1
 Fire: Hunting sling     |       |     3 ||     3
 Cast: Summon Small Mamm |    17 |       ||    17
       Call Canine Famil |     6 |     1 ||     7
 Abil: Spit Poison       |    25 |     2 ||    27
  Use: Scroll            |     1 |     1 ||     2
 Stab: Sleeping          |       |     1 ||     1
  Eat: Chunk             |     2 |       ||     2
Armor: Robe              |     4 |       ||     4
Dodge: Dodged            |    16 |     2 ||    18
